2129 views
Uploaded 2022-12-27 02:15:18
Game version 1.32.10
93:27 long 3on3 ladder game on (6)UpperKingdom
Saved by GIGA
2129 views
Uploaded 2022-12-27 02:15:18
Game version 1.32.10
93:27 long 3on3 ladder game on (6)UpperKingdom


368 units @ 51.3k
/ 8k
213 buildings @ 33.1k
/ 18k
CefaloHabil
(90:57) : 

| Scroll of Town Portal | 1 | 350 |
| total: | 1 | 350g |
| Peon | 56 | 4200 | / | 0 |
| Troll Headhunter | 14 | 1960 | / | 280 |
| Tauren | 10 | 2800 | / | 800 |
| Shaman | 10 | 1300 | / | 200 |
| Troll Witch Doctor | 5 | 725 | / | 125 |
| Wind Rider | 3 | 795 | / | 120 |
| Troll Berserker | 4 | 560 | / | 80 |
| Raider | 1 | 180 | / | 40 |
| Demolisher | 4 | 880 | / | 200 |
| total: | 107 | 13400g | / | 1845w |
| Watch Tower | 32 | 3520 | / | 2560 |
| Orc Burrow | 19 | 3040 | / | 760 |
| Altar of Storms | 3 | 540 | / | 150 |
| Barracks | 3 | 540 | / | 150 |
| War Mill | 1 | 205 | / | 0 |
| Voodoo Lounge | 3 | 390 | / | 90 |
| Great Hall | 8 | 3080 | / | 1480 |
| Spirit Lodge | 3 | 450 | / | 450 |
| Tauren Totem | 3 | 405 | / | 465 |
| Beastiary | 2 | 290 | / | 280 |
| Stronghold | 2 | 630 | / | 380 |
| Fortress | 2 | 650 | / | 380 |
| total: | 77 | 12460g | / | 6385w |
| 0:02 | Peon |
| 0:02 | Peon |
| 0:08 | Orc Burrow |
| 0:17 | Altar of Storms |
| 0:26 | Barracks |
| 0:35 | Peon |
| 0:48 | Peon |
| 1:02 | Peon |
| 1:06 | Peon |
| 1:23 | War Mill |
| 1:28 | Peon |
| 1:49 | Orc Burrow |
| 1:53 | Peon |
| 2:16 | Orc Burrow |
| 2:19 | Peon |
| 2:26 | Peon |
| 2:38 | Shockwave |
| 2:43 | Troll Headhunter |
| 3:08 | Troll Headhunter |
| 3:08 | Troll Headhunter |
| 3:15 | Voodoo Lounge |
| 3:31 | Troll Headhunter |
| 3:34 | Steel Ranged Weapons |
| 4:05 | Troll Headhunter |
| 4:05 | Troll Headhunter |
| 4:46 | Troll Headhunter |
| 4:48 | Troll Headhunter |
| 5:06 | Endurance Aura |
| 5:25 | Troll Headhunter |
| 5:26 | Steel Armor |
| 5:28 | Stronghold |
| 5:55 | Troll Headhunter |
| 5:55 | Troll Headhunter |
| 7:16 | Spiked Barricades |
| 7:17 | Troll Headhunter |
| 7:19 | Troll Headhunter |
| 7:20 | Troll Headhunter |
| 7:47 | Orc Burrow |
| 8:32 | Fortress |
| 8:34 | Thorium Armor |
| 8:44 | War Stomp |
| 9:11 | Orc Burrow |
| 9:16 | Spirit Lodge |
| 9:19 | Tauren Totem |
| 10:01 | Troll Regeneration |
| 10:05 | Steel Melee Weapons |
| 10:08 | Healing Wave |
| 12:32 | Shaman Adept Training |
| 12:33 | Witch Doctor Adept Training |
| 12:34 | Tauren |
| 12:34 | Tauren |
| 12:34 | Tauren |
| 12:34 | Tauren |
| 12:35 | Tauren |
| 13:12 | Thorium Ranged Weapons |
| 13:13 | Berserker Upgrade |
| 13:17 | Pillage |
| 13:24 | Orc Burrow |
| 13:55 | Orc Burrow |
| 14:00 | Orc Burrow |
| 14:03 | Backpack |
| 14:15 | Shaman Master Training |
| 14:17 | Thorium Melee Weapons |
| 14:40 | Hex |
| 14:53 | Witch Doctor Master Training |
| 15:12 | Orc Burrow |
| 15:22 | Endurance Aura |
| 15:50 | Healing Wave |
| 16:46 | Shaman |
| 16:46 | Shaman |
| 16:46 | Shaman |
| 16:46 | Shaman |
| 16:49 | Troll Witch Doctor |
| 16:50 | Shaman |
| 16:50 | Troll Witch Doctor |
| 16:50 | Shaman |
| 16:53 | Pulverize |
| 17:22 | Great Hall |
| 19:28 | Great Hall |
| 19:40 | Scroll of Town Portal |
| 19:57 | Peon |
| 19:57 | Peon |
| 20:18 | Troll Witch Doctor |
| 24:01 | War Stomp |
| 25:55 | Great Hall |
| 26:03 | Altar of Storms |
| 26:05 | Orc Burrow |
| 26:10 | Watch Tower |
| 26:14 | Watch Tower |
| 26:16 | Watch Tower |
| 26:18 | Watch Tower |
| 26:46 | Great Hall |
| 26:50 | Great Hall |
| 27:56 | Great Hall |
| 29:45 | Altar of Storms |
| 29:50 | Orc Burrow |
| 30:43 | Orc Burrow |
| 31:02 | Watch Tower |
| 31:14 | Peon |
| 31:19 | Voodoo Lounge |
| 31:22 | Peon |
| 31:22 | Peon |
| 31:22 | Peon |
| 31:25 | Peon |
| 31:25 | Peon |
| 31:25 | Peon |
| 31:57 | Stronghold |
| 33:06 | Great Hall |
| 33:16 | Watch Tower |
| 33:46 | Peon |
| 33:47 | Peon |
| 33:47 | Peon |
| 33:47 | Peon |
| 34:14 | Peon |
| 34:14 | Peon |
| 34:28 | Great Hall |
| 34:38 | Peon |
| 34:38 | Peon |
| 36:33 | Peon |
| 36:33 | Peon |
| 36:33 | Peon |
| 36:33 | Peon |
| 36:41 | Peon |
| 36:41 | Peon |
| 36:41 | Peon |
| 36:41 | Peon |
| 36:55 | Peon |
| 36:55 | Peon |
| 36:55 | Peon |
| 36:55 | Peon |
| 36:55 | Peon |
| 36:55 | Peon |
| 37:07 | Peon |
| 37:21 | Peon |
| 37:56 | Improved Spiked Barricades |
| 37:56 | Reinforced Defenses |
| 38:03 | Fortress |
| 39:15 | Beastiary |
| 39:18 | Beastiary |
| 39:22 | Peon |
| 39:22 | Peon |
| 41:23 | Watch Tower |
| 41:24 | Watch Tower |
| 41:27 | Watch Tower |
| 42:11 | Peon |
| 42:11 | Peon |
| 42:11 | Peon |
| 42:11 | Peon |
| 42:12 | Peon |
| 42:27 | Watch Tower |
| 42:29 | Watch Tower |
| 42:32 | Watch Tower |
| 44:05 | Orc Burrow |
| 44:07 | Orc Burrow |
| 44:09 | Orc Burrow |
| 44:40 | Peon |
| 44:40 | Peon |
| 44:40 | Peon |
| 44:40 | Peon |
| 44:40 | Peon |
| 45:45 | Orc Burrow |
| 45:47 | Orc Burrow |
| 45:49 | Orc Burrow |
| 46:37 | Envenomed Spears |
| 46:40 | Ensnare |
| 47:22 | Wind Rider |
| 47:23 | Wind Rider |
| 47:24 | Wind Rider |
| 47:58 | Arcanite Ranged Weapons |
| 48:11 | Barracks |
| 48:14 | Barracks |
| 48:19 | Spirit Lodge |
| 48:21 | Spirit Lodge |
| 48:27 | Tauren Totem |
| 48:30 | Tauren Totem |
| 48:55 | Watch Tower |
| 48:57 | Watch Tower |
| 49:01 | Watch Tower |
| 49:03 | Watch Tower |
| 49:07 | Watch Tower |
| 50:10 | Tauren |
| 50:34 | Orc Burrow |
| 50:41 | Shaman |
| 50:42 | Troll Witch Doctor |
| 50:44 | Shaman |
| 51:09 | Troll Berserker |
| 51:50 | Spirit Walker Adept Training |
| 51:57 | Troll Berserker |
| 52:18 | Watch Tower |
| 52:23 | Watch Tower |
| 52:25 | Watch Tower |
| 52:28 | Watch Tower |
| 55:09 | Spirit Walker Master Training |
| 55:11 | Shaman |
| 55:13 | Troll Berserker |
| 55:16 | Tauren |
| 55:22 | Arcanite Armor |
| 55:27 | Raider |
| 55:51 | Troll Witch Doctor |
| 55:57 | Troll Berserker |
| 57:46 | Tauren |
| 57:47 | Tauren |
| 57:52 | Shaman |
| 59:29 | Arcanite Melee Weapons |
| 61:59 | Burning Oil |
| 62:03 | Demolisher |
| 62:03 | Demolisher |
| 62:03 | Demolisher |
| 62:03 | Demolisher |
| 63:21 | Reincarnation |
| 63:33 | Tauren |
| 63:36 | Serpent Ward |
| 68:07 | Watch Tower |
| 68:09 | Watch Tower |
| 68:11 | Watch Tower |
| 68:16 | Watch Tower |
| 68:19 | Watch Tower |
| 68:27 | Watch Tower |
| 69:15 | Watch Tower |
| 69:17 | Watch Tower |
| 69:23 | Watch Tower |
| 69:25 | Watch Tower |
| 69:33 | Watch Tower |
| 73:27 | Voodoo Lounge |
| 84:08 | Peon |
| Right click | 1991 |
| Select | 1268 |
| Build/train/purchase | 203 |
| Resource trade | 81 |
| Use ability | 79 |
| Minimap ping | 28 |
| Remove unit | 9 |
| Item give/drop | 3 |



| Healing Salve | 1 | 100 |
| Orb of Lightning | 4 | 1500 |
| Lesser Clarity Potion | 1 | 70 |
| Scroll of Town Portal | 5 | 1750 |
| total: | 11 | 3420g |
| Peon | 48 | 3600 | / | 0 |
| Grunt | 5 | 1000 | / | 0 |
| Wind Rider | 5 | 1325 | / | 200 |
| Shaman | 18 | 2340 | / | 360 |
| Troll Witch Doctor | 17 | 2465 | / | 425 |
| Kodo Beast | 4 | 1020 | / | 240 |
| Troll Batrider | 13 | 2080 | / | 520 |
| Demolisher | 15 | 3300 | / | 750 |
| Tauren | 16 | 4480 | / | 1280 |
| total: | 141 | 21610g | / | 3775w |
| Watch Tower | 36 | 3960 | / | 2880 |
| Altar of Storms | 1 | 180 | / | 50 |
| Orc Burrow | 7 | 1120 | / | 280 |
| Barracks | 2 | 360 | / | 100 |
| War Mill | 1 | 205 | / | 0 |
| Great Hall | 7 | 2695 | / | 1295 |
| Voodoo Lounge | 1 | 130 | / | 30 |
| Beastiary | 2 | 290 | / | 280 |
| Spirit Lodge | 3 | 450 | / | 450 |
| Tauren Totem | 2 | 270 | / | 310 |
| Stronghold | 1 | 315 | / | 190 |
| Fortress | 1 | 325 | / | 190 |
| total: | 62 | 9660g | / | 5675w |
| 0:04 | Peon |
| 0:04 | Peon |
| 0:04 | Peon |
| 0:22 | Altar of Storms |
| 0:37 | Orc Burrow |
| 0:47 | Peon |
| 0:53 | Barracks |
| 0:56 | Peon |
| 1:00 | Peon |
| 1:08 | Peon |
| 1:22 | Peon |
| 1:39 | Orc Burrow |
| 1:56 | Peon |
| 1:57 | Peon |
| 2:09 | War Mill |
| 2:27 | War Stomp |
| 2:32 | Grunt |
| 2:51 | Grunt |
| 3:41 | Orc Burrow |
| 4:10 | Great Hall |
| 4:16 | Stronghold |
| 4:20 | Healing Salve |
| 4:47 | Voodoo Lounge |
| 4:51 | Grunt |
| 5:02 | Steel Melee Weapons |
| 5:16 | Endurance Aura |
| 5:36 | Grunt |
| 5:56 | Orc Burrow |
| 6:01 | Orc Burrow |
| 6:20 | Steel Armor |
| 7:20 | Peon |
| 7:20 | Peon |
| 7:24 | Thorium Armor |
| 7:24 | Steel Ranged Weapons |
| 7:25 | Thorium Melee Weapons |
| 7:29 | Peon |
| 7:29 | Peon |
| 7:29 | Peon |
| 7:55 | Peon |
| 8:03 | Beastiary |
| 8:05 | Beastiary |
| 8:54 | Fortress |
| 9:18 | Wind Rider |
| 9:52 | Wind Rider |
| 9:56 | War Stomp |
| 9:59 | Black Arrow |
| 10:04 | Peon |
| 10:12 | Spirit Lodge |
| 10:33 | Peon |
| 10:33 | Peon |
| 10:33 | Peon |
| 10:33 | Peon |
| 10:49 | Spirit Lodge |
| 10:55 | Watch Tower |
| 11:12 | Scroll of Town Portal |
| 11:17 | Orb of Lightning |
| 11:36 | Envenomed Spears |
| 11:38 | Wind Rider |
| 12:02 | Spirit Lodge |
| 12:27 | Shaman Adept Training |
| 12:39 | Watch Tower |
| 12:42 | Watch Tower |
| 13:25 | Healing Wave |
| 13:34 | Shaman Master Training |
| 13:43 | Peon |
| 13:43 | Peon |
| 13:47 | Watch Tower |
| 13:59 | Shaman |
| 13:59 | Shaman |
| 14:00 | Shaman |
| 14:07 | Watch Tower |
| 14:17 | Endurance Aura |
| 14:20 | Scroll of Town Portal |
| 14:35 | Witch Doctor Adept Training |
| 14:43 | Orc Burrow |
| 14:47 | Spiked Barricades |
| 15:31 | Shaman |
| 15:33 | Troll Witch Doctor |
| 15:34 | Troll Witch Doctor |
| 15:40 | Orc Burrow |
| 15:45 | Thorium Ranged Weapons |
| 15:49 | Improved Spiked Barricades |
| 15:50 | Reinforced Defenses |
| 17:03 | Liquid Fire |
| 17:04 | Kodo Beast |
| 17:07 | Kodo Beast |
| 17:14 | Troll Batrider |
| 17:16 | Troll Batrider |
| 17:16 | Troll Batrider |
| 17:18 | Troll Batrider |
| 17:21 | Troll Batrider |
| 17:23 | Troll Batrider |
| 17:50 | Watch Tower |
| 18:04 | Watch Tower |
| 18:06 | Watch Tower |
| 18:10 | Watch Tower |
| 18:22 | Scroll of Town Portal |
| 18:31 | Hex |
| 19:11 | Scroll of Town Portal |
| 19:23 | Silence |
| 19:36 | Great Hall |
| 19:43 | Watch Tower |
| 19:44 | Watch Tower |
| 19:46 | Watch Tower |
| 19:47 | Watch Tower |
| 20:17 | Witch Doctor Master Training |
| 20:59 | Troll Batrider |
| 22:00 | Troll Batrider |
| 22:02 | Troll Batrider |
| 22:06 | Arcanite Ranged Weapons |
| 23:39 | Demolisher |
| 23:39 | Demolisher |
| 23:40 | Demolisher |
| 23:40 | Demolisher |
| 23:40 | Demolisher |
| 23:40 | Demolisher |
| 23:43 | Burning Oil |
| 23:53 | Peon |
| 23:53 | Peon |
| 23:56 | Peon |
| 24:30 | Barracks |
| 24:48 | Troll Batrider |
| 24:50 | Troll Batrider |
| 24:58 | Shaman |
| 24:59 | Troll Witch Doctor |
| 25:00 | Shaman |
| 25:00 | Troll Witch Doctor |
| 25:03 | Orb of Lightning |
| 26:07 | Troll Batrider |
| 26:08 | Troll Batrider |
| 26:13 | Demolisher |
| 26:14 | Demolisher |
| 26:52 | Healing Wave |
| 28:36 | Black Arrow |
| 29:50 | Endurance Aura |
| 30:07 | Great Hall |
| 30:32 | Demolisher |
| 30:41 | Great Hall |
| 30:46 | Watch Tower |
| 30:47 | Watch Tower |
| 30:48 | Watch Tower |
| 30:50 | Watch Tower |
| 30:52 | Watch Tower |
| 30:53 | Watch Tower |
| 30:55 | Watch Tower |
| 31:44 | Tauren Totem |
| 31:46 | Shaman |
| 31:46 | Shaman |
| 31:47 | Troll Witch Doctor |
| 31:47 | Troll Witch Doctor |
| 32:11 | Watch Tower |
| 32:15 | Watch Tower |
| 32:45 | Demolisher |
| 32:46 | Demolisher |
| 34:41 | Demolisher |
| 34:44 | Demolisher |
| 35:35 | Great Hall |
| 35:45 | Shaman |
| 35:45 | Troll Witch Doctor |
| 35:49 | Shaman |
| 35:49 | Troll Witch Doctor |
| 36:43 | Demolisher |
| 36:44 | Demolisher |
| 36:47 | Arcanite Melee Weapons |
| 36:47 | Arcanite Armor |
| 36:51 | Tauren |
| 36:56 | Tauren |
| 40:22 | Tauren Totem |
| 40:25 | Tauren |
| 40:25 | Tauren |
| 40:25 | Tauren |
| 40:34 | Shaman |
| 40:34 | Troll Witch Doctor |
| 40:48 | Peon |
| 40:48 | Peon |
| 40:48 | Peon |
| 40:48 | Peon |
| 41:02 | Lesser Clarity Potion |
| 41:11 | Orb of Lightning |
| 41:36 | Tauren |
| 41:38 | Pulverize |
| 43:07 | Tauren |
| 43:16 | Wind Rider |
| 43:19 | Wind Rider |
| 43:36 | Shaman |
| 43:37 | Troll Witch Doctor |
| 43:59 | Tauren |
| 44:06 | Troll Witch Doctor |
| 44:59 | Peon |
| 44:59 | Peon |
| 45:00 | Peon |
| 45:00 | Peon |
| 45:02 | Peon |
| 45:22 | Spirit Walker Adept Training |
| 47:20 | Watch Tower |
| 47:21 | Watch Tower |
| 47:22 | Watch Tower |
| 47:29 | Scroll of Town Portal |
| 47:40 | Shaman |
| 47:41 | Troll Witch Doctor |
| 47:50 | Orb of Lightning |
| 48:15 | Spirit Walker Master Training |
| 50:45 | Tauren |
| 50:49 | Shaman |
| 50:49 | Troll Witch Doctor |
| 51:47 | Tauren |
| 51:51 | Shaman |
| 51:58 | Troll Witch Doctor |
| 52:01 | Troll Witch Doctor |
| 55:54 | Shaman |
| 55:54 | Troll Witch Doctor |
| 56:00 | Tauren |
| 56:06 | Tauren |
| 56:18 | War Drums Damage Increase |
| 56:19 | Kodo Beast |
| 56:20 | Kodo Beast |
| 56:53 | Shaman |
| 59:54 | Great Hall |
| 63:39 | Peon |
| 63:39 | Peon |
| 66:01 | Tauren |
| 66:05 | Tauren |
| 66:09 | Shaman |
| 66:48 | Watch Tower |
| 66:49 | Watch Tower |
| 66:50 | Watch Tower |
| 66:52 | Watch Tower |
| 69:09 | Peon |
| 69:12 | Peon |
| 69:33 | Peon |
| 70:07 | Great Hall |
| 71:33 | Troll Witch Doctor |
| 72:49 | Peon |
| 72:49 | Peon |
| 72:50 | Peon |
| 72:50 | Peon |
| 72:59 | Watch Tower |
| 73:02 | Peon |
| 73:02 | Peon |
| 73:02 | Peon |
| 73:26 | Life Drain |
| 73:33 | Tauren |
| 74:51 | Watch Tower |
| 74:52 | Watch Tower |
| 75:00 | Peon |
| 75:15 | Tauren |
| 75:32 | Watch Tower |
| 75:33 | Watch Tower |
| 75:40 | Watch Tower |
| 75:41 | Watch Tower |
| 78:15 | Grunt |
| Right click | 1136 |
| Select | 845 |
| Build/train/purchase | 220 |
| Use ability | 63 |
| Chat | 14 |
| Minimap ping | 5 |
| Resource trade | 5 |
| Remove unit | 3 |
| Item give/drop | 2 |
| Esc | 2 |



| Healing Salve | 2 | 200 |
| Lesser Clarity Potion | 3 | 210 |
| Scroll of Speed | 8 | 400 |
| Orb of Lightning | 1 | 375 |
| Scroll of Town Portal | 9 | 3150 |
| total: | 23 | 4335g |
| Peon | 48 | 3600 | / | 0 |
| Grunt | 8 | 1600 | / | 0 |
| Shaman | 8 | 1040 | / | 160 |
| Tauren | 5 | 1400 | / | 400 |
| Troll Witch Doctor | 20 | 2900 | / | 500 |
| Spirit Walker | 3 | 585 | / | 105 |
| Troll Headhunter | 2 | 280 | / | 40 |
| Troll Batrider | 10 | 1600 | / | 400 |
| Raider | 6 | 1080 | / | 240 |
| Demolisher | 10 | 2200 | / | 500 |
| total: | 120 | 16285g | / | 2345w |
| Watch Tower | 36 | 3960 | / | 2880 |
| Altar of Storms | 1 | 180 | / | 50 |
| Orc Burrow | 13 | 2080 | / | 520 |
| Barracks | 4 | 720 | / | 200 |
| Voodoo Lounge | 6 | 780 | / | 180 |
| War Mill | 1 | 205 | / | 0 |
| Great Hall | 5 | 1925 | / | 925 |
| Spirit Lodge | 2 | 300 | / | 300 |
| Tauren Totem | 2 | 270 | / | 310 |
| Beastiary | 4 | 580 | / | 560 |
| Stronghold | 1 | 315 | / | 190 |
| Fortress | 1 | 325 | / | 190 |
| total: | 74 | 11000g | / | 5925w |
| 0:03 | Altar of Storms |
| 0:03 | Orc Burrow |
| 0:04 | Peon |
| 0:04 | Peon |
| 0:30 | Peon |
| 0:33 | Peon |
| 0:51 | Barracks |
| 0:59 | Peon |
| 0:59 | Peon |
| 1:15 | Peon |
| 1:36 | Peon |
| 1:40 | Orc Burrow |
| 1:48 | Voodoo Lounge |
| 1:51 | Peon |
| 2:01 | Grunt |
| 2:01 | Grunt |
| 2:05 | Serpent Ward |
| 2:21 | Grunt |
| 2:21 | Grunt |
| 2:50 | Grunt |
| 3:09 | Grunt |
| 3:09 | Peon |
| 3:50 | Hex |
| 3:53 | Stronghold |
| 4:02 | Healing Salve |
| 4:02 | Lesser Clarity Potion |
| 4:02 | Scroll of Speed |
| 4:16 | Orc Burrow |
| 5:44 | War Mill |
| 5:46 | Orc Burrow |
| 5:54 | Great Hall |
| 6:26 | Spirit Lodge |
| 6:27 | Spirit Lodge |
| 6:28 | Peon |
| 6:28 | Peon |
| 6:53 | Hex |
| 7:20 | Fortress |
| 8:27 | Shaman |
| 8:28 | Shaman Adept Training |
| 8:44 | Peon |
| 8:44 | Peon |
| 8:44 | Peon |
| 8:44 | Peon |
| 8:44 | Peon |
| 8:53 | Reinforced Defenses |
| 9:01 | Tauren Totem |
| 10:17 | Shaman Master Training |
| 10:17 | Shaman |
| 10:19 | Peon |
| 10:19 | Peon |
| 10:40 | Watch Tower |
| 10:43 | Peon |
| 10:43 | Peon |
| 10:46 | Tauren |
| 11:06 | Orc Burrow |
| 11:07 | Grunt |
| 11:07 | Grunt |
| 11:39 | Peon |
| 11:39 | Peon |
| 11:43 | Witch Doctor Adept Training |
| 11:43 | Troll Witch Doctor |
| 11:51 | Shaman |
| 11:52 | Tauren |
| 11:56 | Spirit Walker |
| 11:59 | Tauren Totem |
| 12:10 | Orb of Lightning |
| 12:15 | Scroll of Speed |
| 12:15 | Scroll of Speed |
| 12:15 | Scroll of Speed |
| 12:36 | Peon |
| 12:36 | Peon |
| 12:36 | Peon |
| 12:47 | Peon |
| 12:48 | Peon |
| 13:08 | Witch Doctor Master Training |
| 13:17 | Peon |
| 13:38 | Watch Tower |
| 13:40 | Watch Tower |
| 13:43 | Peon |
| 13:43 | Peon |
| 14:14 | Troll Witch Doctor |
| 14:41 | Orc Burrow |
| 14:44 | Watch Tower |
| 15:01 | Watch Tower |
| 15:02 | Watch Tower |
| 15:22 | Great Hall |
| 15:31 | Watch Tower |
| 15:40 | Troll Witch Doctor |
| 16:27 | Serpent Ward |
| 16:42 | Watch Tower |
| 17:00 | Orc Burrow |
| 17:17 | Steel Melee Weapons |
| 17:17 | Steel Armor |
| 18:43 | Breath of Fire |
| 18:43 | Breath of Fire |
| 19:44 | Watch Tower |
| 19:44 | Watch Tower |
| 19:45 | Watch Tower |
| 19:46 | Watch Tower |
| 19:48 | Orc Burrow |
| 19:50 | Orc Burrow |
| 19:51 | Orc Burrow |
| 19:52 | Peon |
| 19:52 | Peon |
| 19:52 | Peon |
| 19:52 | Peon |
| 19:55 | Orc Burrow |
| 19:56 | Orc Burrow |
| 20:06 | Shaman |
| 20:06 | Troll Witch Doctor |
| 20:11 | Tauren |
| 20:13 | Pulverize |
| 20:35 | Peon |
| 20:35 | Peon |
| 20:35 | Peon |
| 20:35 | Peon |
| 20:54 | Voodoo Lounge |
| 20:56 | Peon |
| 20:56 | Peon |
| 21:32 | Healing Salve |
| 21:32 | Lesser Clarity Potion |
| 21:32 | Scroll of Speed |
| 21:45 | Scroll of Town Portal |
| 21:51 | Spirit Walker Adept Training |
| 22:23 | Tauren |
| 22:27 | Spirit Walker |
| 22:39 | Watch Tower |
| 22:40 | Watch Tower |
| 23:05 | Beastiary |
| 23:05 | Beastiary |
| 23:14 | Chain Lighting |
| 23:35 | Watch Tower |
| 23:38 | Troll Headhunter |
| 23:39 | Troll Headhunter |
| 23:40 | Troll Regeneration |
| 23:40 | Berserker Upgrade |
| 23:58 | Drunken Brawler |
| 24:22 | Healing Wave |
| 25:02 | Troll Batrider |
| 25:02 | Troll Batrider |
| 25:05 | Beastiary |
| 25:06 | Beastiary |
| 25:08 | Watch Tower |
| 25:12 | Spirit Walker Master Training |
| 25:15 | Shaman |
| 25:18 | Spirit Walker |
| 26:06 | Liquid Fire |
| 26:06 | Troll Batrider |
| 26:06 | Troll Batrider |
| 28:18 | Troll Batrider |
| 28:19 | Troll Batrider |
| 28:19 | Troll Batrider |
| 28:19 | Troll Batrider |
| 28:20 | Troll Batrider |
| 29:04 | Troll Batrider |
| 29:05 | Envenomed Spears |
| 29:17 | Great Hall |
| 29:52 | Watch Tower |
| 29:52 | Watch Tower |
| 29:53 | Watch Tower |
| 29:54 | Watch Tower |
| 30:15 | Orc Burrow |
| 30:27 | Voodoo Lounge |
| 31:43 | Voodoo Lounge |
| 32:24 | Scroll of Town Portal |
| 32:29 | Scroll of Speed |
| 34:47 | Feral Spirit |
| 35:08 | Great Hall |
| 36:57 | Watch Tower |
| 36:57 | Watch Tower |
| 36:58 | Watch Tower |
| 36:59 | Watch Tower |
| 39:57 | Watch Tower |
| 39:57 | Watch Tower |
| 39:57 | Watch Tower |
| 40:32 | Burning Oil |
| 40:38 | Barracks |
| 40:41 | Barracks |
| 40:43 | Barracks |
| 40:50 | Peon |
| 40:50 | Peon |
| 40:59 | Watch Tower |
| 41:00 | Watch Tower |
| 41:00 | Watch Tower |
| 41:02 | Watch Tower |
| 41:14 | Watch Tower |
| 41:28 | Pillage |
| 41:42 | Ensnare |
| 41:43 | Raider |
| 42:28 | Scroll of Town Portal |
| 42:28 | Scroll of Town Portal |
| 43:25 | Great Hall |
| 43:54 | Voodoo Lounge |
| 43:56 | Demolisher |
| 44:11 | Troll Witch Doctor |
| 45:02 | Demolisher |
| 45:08 | Troll Witch Doctor |
| 45:51 | Troll Witch Doctor |
| 47:34 | Demolisher |
| 50:36 | Demolisher |
| 50:47 | Troll Witch Doctor |
| 50:47 | Troll Witch Doctor |
| 51:19 | Voodoo Lounge |
| 51:40 | Troll Witch Doctor |
| 55:11 | Demolisher |
| 55:13 | Demolisher |
| 55:16 | Shaman |
| 55:17 | Troll Witch Doctor |
| 55:23 | Raider |
| 55:24 | Raider |
| 55:29 | Thorium Melee Weapons |
| 55:29 | Thorium Armor |
| 57:00 | Scroll of Town Portal |
| 57:01 | Scroll of Speed |
| 57:06 | Lesser Clarity Potion |
| 59:27 | Troll Witch Doctor |
| 59:58 | Scroll of Town Portal |
| 59:58 | Scroll of Town Portal |
| 60:35 | Scroll of Town Portal |
| 60:50 | Breath of Fire |
| 63:23 | Peon |
| 63:23 | Peon |
| 63:23 | Peon |
| 63:23 | Peon |
| 63:23 | Peon |
| 64:07 | Demolisher |
| 64:48 | Scroll of Town Portal |
| 64:48 | Scroll of Speed |
| 65:11 | Raider |
| 65:15 | Troll Witch Doctor |
| 65:16 | Troll Witch Doctor |
| 65:16 | Troll Witch Doctor |
| 66:15 | Troll Witch Doctor |
| 66:15 | Troll Witch Doctor |
| 66:16 | Troll Witch Doctor |
| 68:09 | Demolisher |
| 71:09 | Demolisher |
| 71:16 | Shaman |
| 71:16 | Troll Witch Doctor |
| 71:23 | Raider |
| 71:23 | Raider |
| 73:30 | Watch Tower |
| 73:32 | Watch Tower |
| 73:33 | Watch Tower |
| 73:36 | Watch Tower |
| 74:23 | Tauren |
| 75:03 | Demolisher |
| 77:14 | Troll Witch Doctor |
| 77:14 | Shaman |
| Right click | 1932 |
| Select | 1031 |
| Use ability | 595 |
| Select group | 575 |
| Build/train/purchase | 231 |
| Chat | 196 |
| Assign group | 81 |
| Minimap ping | 48 |
| Misc. action | 12 |
| Remove unit | 6 |
| Item give/drop | 5 |
119 units @ 11.8k
/ 1.9k
174 buildings @ 19.1k
/ 9k



| Orb of Lightning | 1 | 375 |
| total: | 1 | 375g |
| Peasant | 24 | 1800 | / | 0 |
| Mortar Team | 16 | 2880 | / | 1120 |
| Flying Machine | 19 | 1900 | / | 570 |
| Dragonhawk Rider | 2 | 400 | / | 60 |
| total: | 61 | 6980g | / | 1750w |
| Scout Tower | 65 | 1950 | / | 1300 |
| Guard Tower | 22 | 1540 | / | 1100 |
| Arcane Tower | 2 | 140 | / | 100 |
| Altar of Kings | 4 | 720 | / | 200 |
| Farm | 24 | 1920 | / | 480 |
| Lumber Mill | 3 | 360 | / | 0 |
| Town Hall | 4 | 1540 | / | 820 |
| Blacksmith | 1 | 140 | / | 60 |
| Arcane Vault | 1 | 130 | / | 30 |
| Workshop | 3 | 420 | / | 420 |
| Gryphon Aviary | 2 | 280 | / | 300 |
| Keep | 1 | 320 | / | 210 |
| Castle | 1 | 360 | / | 210 |
| total: | 107 | 7460g | / | 3610w |
| 0:02 | Peasant |
| 0:06 | Peasant |
| 0:18 | Altar of Kings |
| 0:21 | Peasant |
| 0:34 | Farm |
| 0:36 | Peasant |
| 0:39 | Peasant |
| 0:52 | Lumber Mill |
| 0:55 | Peasant |
| 0:58 | Farm |
| 1:14 | Peasant |
| 1:28 | Peasant |
| 1:37 | Peasant |
| 1:50 | Scout Tower |
| 1:53 | Peasant |
| 1:54 | Improved Lumber Harvesting |
| 2:03 | Peasant |
| 2:18 | Scout Tower |
| 2:19 | Scout Tower |
| 2:20 | Scout Tower |
| 2:24 | Guard Tower |
| 2:37 | Storm Bolt |
| 2:47 | Scout Tower |
| 2:48 | Scout Tower |
| 2:58 | Guard Tower |
| 3:00 | Scout Tower |
| 3:01 | Scout Tower |
| 3:20 | Town Hall |
| 3:25 | Scout Tower |
| 3:27 | Scout Tower |
| 3:31 | Guard Tower |
| 3:37 | Peasant |
| 3:37 | Peasant |
| 3:37 | Peasant |
| 3:39 | Improved Masonry |
| 3:47 | Guard Tower |
| 4:10 | Blacksmith |
| 4:15 | Scout Tower |
| 4:17 | Guard Tower |
| 4:22 | Scout Tower |
| 4:23 | Guard Tower |
| 4:25 | Guard Tower |
| 4:29 | Peasant |
| 4:30 | Peasant |
| 4:34 | Farm |
| 4:40 | Scout Tower |
| 4:41 | Scout Tower |
| 4:42 | Scout Tower |
| 4:44 | Guard Tower |
| 4:48 | Scout Tower |
| 4:50 | Peasant |
| 4:50 | Peasant |
| 5:02 | Guard Tower |
| 5:15 | Keep |
| 5:36 | Black Gunpowder |
| 5:37 | Farm |
| 5:38 | Farm |
| 5:39 | Farm |
| 5:43 | Guard Tower |
| 5:44 | Scout Tower |
| 5:45 | Scout Tower |
| 5:49 | Guard Tower |
| 5:50 | Scout Tower |
| 5:51 | Scout Tower |
| 5:54 | Scout Tower |
| 6:00 | Peasant |
| 6:00 | Peasant |
| 6:00 | Peasant |
| 6:01 | Peasant |
| 6:11 | Arcane Vault |
| 6:25 | Scout Tower |
| 6:27 | Scout Tower |
| 6:27 | Scout Tower |
| 6:28 | Scout Tower |
| 6:32 | Iron Plating |
| 6:38 | Guard Tower |
| 6:39 | Scout Tower |
| 6:40 | Scout Tower |
| 6:48 | Guard Tower |
| 6:56 | Scout Tower |
| 6:59 | Guard Tower |
| 7:13 | Peasant |
| 7:28 | Guard Tower |
| 7:35 | Castle |
| 7:38 | Workshop |
| 7:41 | Workshop |
| 7:44 | Workshop |
| 7:47 | Farm |
| 7:48 | Farm |
| 8:08 | Advanced Masonry |
| 8:08 | Advanced Lumber Harvesting |
| 8:13 | Scout Tower |
| 8:14 | Scout Tower |
| 8:17 | Scout Tower |
| 8:44 | Altar of Kings |
| 8:45 | Mortar Team |
| 8:48 | Mortar Team |
| 8:50 | Mortar Team |
| 8:52 | Scout Tower |
| 8:54 | Scout Tower |
| 8:58 | Guard Tower |
| 9:10 | Guard Tower |
| 9:13 | Flak Cannons |
| 9:14 | Flare |
| 9:17 | Refined Gunpowder |
| 9:18 | Steel Plating |
| 9:33 | Arcane Tower |
| 9:39 | Lumber Mill |
| 9:46 | Flying Machine |
| 9:46 | Flying Machine |
| 9:47 | Flying Machine |
| 9:47 | Flying Machine |
| 9:59 | Farm |
| 10:00 | Farm |
| 10:00 | Farm |
| 10:01 | Farm |
| 10:04 | Farm |
| 10:17 | Flying Machine Bombs |
| 10:17 | Fragmentation Shards |
| 10:29 | Orb of Lightning |
| 10:45 | Flying Machine |
| 10:45 | Flying Machine |
| 10:45 | Flying Machine |
| 11:31 | Flying Machine |
| 11:31 | Flying Machine |
| 11:31 | Flying Machine |
| 11:32 | Flying Machine |
| 12:19 | Imbued Gunpowder |
| 12:19 | Mithril Plating |
| 12:27 | Farm |
| 12:27 | Farm |
| 12:33 | Farm |
| 12:34 | Farm |
| 12:43 | Holy Light |
| 13:15 | Flying Machine |
| 13:16 | Flying Machine |
| 13:34 | Flying Machine |
| 14:03 | Storm Bolt |
| 14:13 | Gryphon Aviary |
| 14:26 | Gryphon Aviary |
| 16:04 | Divine Shield |
| 16:46 | Cloud |
| 16:46 | Dragonhawk Rider |
| 17:29 | Dragonhawk Rider |
| 17:47 | Hex |
| 20:36 | Bash |
| 21:11 | Mortar Team |
| 21:12 | Mortar Team |
| 26:57 | Lumber Mill |
| 27:27 | Divine Shield |
| 29:02 | Altar of Kings |
| 30:06 | Farm |
| 30:08 | Farm |
| 30:10 | Farm |
| 31:04 | Farm |
| 31:05 | Farm |
| 31:06 | Farm |
| 31:07 | Farm |
| 31:45 | Mortar Team |
| 34:50 | Flying Machine |
| 40:16 | Storm Bolt |
| 40:17 | Holy Light |
| 41:07 | Scout Tower |
| 41:08 | Scout Tower |
| 41:10 | Scout Tower |
| 41:11 | Scout Tower |
| 41:11 | Scout Tower |
| 41:13 | Scout Tower |
| 41:13 | Scout Tower |
| 41:14 | Scout Tower |
| 41:16 | Scout Tower |
| 41:17 | Scout Tower |
| 41:17 | Scout Tower |
| 41:17 | Scout Tower |
| 41:19 | Scout Tower |
| 41:19 | Scout Tower |
| 41:20 | Scout Tower |
| 41:44 | Mortar Team |
| 41:49 | Mortar Team |
| 41:57 | Guard Tower |
| 43:03 | Mortar Team |
| 43:39 | Guard Tower |
| 44:22 | Blizzard |
| 50:17 | Healing Wave |
| 50:37 | Avatar |
| 50:39 | Resurrection |
| 63:44 | Altar of Kings |
| 63:48 | Town Hall |
| 63:54 | Town Hall |
| 64:59 | Bash |
| 66:48 | Scout Tower |
| 66:50 | Scout Tower |
| 66:51 | Scout Tower |
| 66:52 | Scout Tower |
| 66:52 | Scout Tower |
| 68:36 | Devotion Aura |
| 69:55 | Guard Tower |
| 69:58 | Scout Tower |
| 69:59 | Scout Tower |
| 70:00 | Scout Tower |
| 70:01 | Scout Tower |
| 70:02 | Scout Tower |
| 70:03 | Scout Tower |
| 71:04 | Guard Tower |
| 71:09 | Scout Tower |
| 71:10 | Scout Tower |
| 71:11 | Scout Tower |
| 71:12 | Scout Tower |
| 71:12 | Scout Tower |
| 71:13 | Scout Tower |
| 72:59 | Guard Tower |
| 73:15 | Town Hall |
| 73:28 | Arcane Tower |
| 74:37 | Brilliance Aura |
| 76:01 | Peasant |
| 80:00 | Flying Machine |
| 80:01 | Flying Machine |
| 80:01 | Flying Machine |
| 80:01 | Flying Machine |
| 84:12 | Mortar Team |
| 84:12 | Mortar Team |
| 84:13 | Mortar Team |
| 84:13 | Mortar Team |
| 84:13 | Mortar Team |
| 84:13 | Mortar Team |
| 84:13 | Mortar Team |
| Right click | 3084 |
| Select group | 1999 |
| Select | 896 |
| Misc. action | 315 |
| Use ability | 265 |
| Build/train/purchase | 151 |
| Chat | 86 |
| Resource trade | 42 |
| Assign group | 28 |
| Minimap ping | 18 |
| Esc | 2 |
| Remove unit | 1 |
GIGA
(207)
(93:25) : 

| Healing Salve | 3 | 300 |
| Lesser Clarity Potion | 2 | 140 |
| Orb of Lightning | 1 | 375 |
| Orb of Fire | 1 | 325 |
| total: | 7 | 1140g |
| Peon | 42 | 3150 | / | 0 |
| Troll Witch Doctor | 6 | 870 | / | 150 |
| total: | 48 | 4020g | / | 150w |
| Watch Tower | 21 | 2310 | / | 1680 |
| Altar of Storms | 3 | 540 | / | 150 |
| Orc Burrow | 4 | 640 | / | 160 |
| War Mill | 2 | 410 | / | 0 |
| Voodoo Lounge | 2 | 260 | / | 60 |
| Great Hall | 4 | 1540 | / | 740 |
| Beastiary | 1 | 145 | / | 140 |
| Spirit Lodge | 1 | 150 | / | 150 |
| Stronghold | 2 | 630 | / | 380 |
| Fortress | 2 | 650 | / | 380 |
| total: | 38 | 5995g | / | 3080w |
| 0:03 | Peon |
| 0:03 | Peon |
| 0:07 | Altar of Storms |
| 0:10 | Orc Burrow |
| 0:19 | Peon |
| 0:40 | Peon |
| 0:49 | Peon |
| 1:03 | Peon |
| 1:07 | War Mill |
| 1:20 | Peon |
| 1:31 | Peon |
| 1:46 | Voodoo Lounge |
| 1:48 | Peon |
| 2:00 | Peon |
| 2:00 | Peon |
| 2:00 | Peon |
| 2:06 | Orc Burrow |
| 2:12 | Wind Walk |
| 2:22 | Watch Tower |
| 2:23 | Peon |
| 2:26 | Peon |
| 2:56 | Peon |
| 2:56 | Peon |
| 2:57 | Peon |
| 2:59 | Spiked Barricades |
| 3:03 | Watch Tower |
| 3:37 | Healing Salve |
| 3:37 | Lesser Clarity Potion |
| 3:38 | Healing Salve |
| 3:38 | Lesser Clarity Potion |
| 3:50 | Watch Tower |
| 4:37 | Stronghold |
| 4:41 | Watch Tower |
| 5:00 | Critical Strike |
| 5:08 | Bash |
| 5:41 | Watch Tower |
| 5:43 | Watch Tower |
| 5:44 | Watch Tower |
| 7:02 | Reinforced Defenses |
| 7:13 | Watch Tower |
| 7:15 | Watch Tower |
| 7:17 | Watch Tower |
| 7:19 | Voodoo Lounge |
| 7:21 | Beastiary |
| 7:24 | Spirit Lodge |
| 7:44 | Fortress |
| 8:00 | Healing Salve |
| 8:35 | Improved Spiked Barricades |
| 8:42 | Watch Tower |
| 8:43 | Watch Tower |
| 9:39 | Witch Doctor Adept Training |
| 9:48 | Wind Walk |
| 10:40 | Witch Doctor Master Training |
| 11:44 | Troll Witch Doctor |
| 11:45 | Troll Witch Doctor |
| 11:45 | Troll Witch Doctor |
| 11:45 | Troll Witch Doctor |
| 11:48 | Orc Burrow |
| 14:30 | Orb of Fire |
| 14:42 | Orc Burrow |
| 16:00 | Altar of Storms |
| 19:27 | Holy Light |
| 19:42 | Critical Strike |
| 19:45 | Healing Wave |
| 21:52 | War Mill |
| 22:20 | Brilliance Aura |
| 23:38 | Altar of Storms |
| 25:42 | Great Hall |
| 27:11 | Watch Tower |
| 27:11 | Watch Tower |
| 27:12 | Watch Tower |
| 31:19 | Hex |
| 31:55 | Great Hall |
| 32:58 | Critical Strike |
| 34:39 | Troll Witch Doctor |
| 34:40 | Troll Witch Doctor |
| 34:42 | Peon |
| 34:42 | Peon |
| 34:42 | Peon |
| 36:24 | Stronghold |
| 39:41 | Bladestorm |
| 40:18 | Peon |
| 40:18 | Peon |
| 40:19 | Peon |
| 40:19 | Peon |
| 40:19 | Peon |
| 40:22 | Peon |
| 40:59 | Peon |
| 41:45 | Peon |
| 42:19 | Fortress |
| 42:44 | Healing Wave |
| 43:31 | Wind Walk |
| 44:45 | Peon |
| 44:45 | Peon |
| 44:49 | Orb of Lightning |
| 45:12 | Hex |
| 45:48 | Great Hall |
| 50:33 | Brilliance Aura |
| 52:17 | Peon |
| 52:17 | Peon |
| 52:18 | Peon |
| 53:27 | Mirror Image |
| 54:07 | Big Bad Voodoo |
| 56:28 | Great Hall |
| 57:41 | Healing Wave |
| 59:13 | Mirror Image |
| 59:54 | Blizzard |
| 63:51 | Peon |
| 63:52 | Peon |
| 63:52 | Peon |
| 63:52 | Peon |
| 63:53 | Peon |
| 65:11 | Peon |
| 65:11 | Peon |
| 65:12 | Peon |
| 66:10 | Peon |
| 68:38 | Serpent Ward |
| 70:53 | Mirror Image |
| 71:16 | Watch Tower |
| 71:19 | Watch Tower |
| 71:19 | Watch Tower |
| 71:21 | Watch Tower |
| 71:21 | Watch Tower |
| 71:22 | Watch Tower |
| 73:01 | Healing Wave |
| 74:26 | Devotion Aura |
| 81:03 | Big Bad Voodoo |
| 87:01 | Serpent Ward |
| 90:04 | Mass Teleport |
| 92:52 | Thunder Clap |
| Right click | 6687 |
| Select group | 1217 |
| Select | 960 |
| Build/train/purchase | 247 |
| Use ability | 172 |
| Minimap ping | 107 |
| Resource trade | 94 |
| Chat | 79 |
| Assign group | 10 |
| Misc. action | 9 |
| Item give/drop | 4 |
| Esc | 4 |
Cabeelibob
(194)
(93:22) : 

| Healing Salve | 1 | 100 |
| Potion of Healing | 2 | 300 |
| Lesser Clarity Potion | 2 | 140 |
| Tiny Great Hall | 1 | 600 |
| total: | 6 | 1140g |
| Peon | 10 | 750 | / | 0 |
| total: | 10 | 750g | / | 0w |
| Watch Tower | 9 | 990 | / | 720 |
| Altar of Storms | 5 | 900 | / | 250 |
| Orc Burrow | 5 | 800 | / | 200 |
| Voodoo Lounge | 2 | 260 | / | 60 |
| War Mill | 2 | 410 | / | 0 |
| Great Hall | 6 | 2310 | / | 1110 |
| Stronghold | 2 | 630 | / | 380 |
| Fortress | 1 | 325 | / | 190 |
| total: | 29 | 5670g | / | 2340w |
| 0:03 | Altar of Storms |
| 0:07 | Altar of Storms |
| 0:10 | Orc Burrow |
| 0:11 | Peon |
| 0:22 | Peon |
| 0:46 | Peon |
| 0:46 | Peon |
| 1:05 | Voodoo Lounge |
| 1:09 | War Mill |
| 1:18 | Peon |
| 1:35 | Peon |
| 1:46 | Peon |
| 1:54 | Orc Burrow |
| 1:57 | Peon |
| 2:11 | Wind Walk |
| 2:41 | Peon |
| 2:41 | Peon |
| 4:52 | Critical Strike |
| 7:54 | Healing Salve |
| 8:00 | Potion of Healing |
| 8:02 | Potion of Healing |
| 10:27 | Stronghold |
| 12:14 | Critical Strike |
| 13:42 | Reinforced Defenses |
| 13:45 | Fortress |
| 14:29 | Healing Wave |
| 16:25 | Wind Walk |
| 17:47 | Great Hall |
| 17:58 | Wind Walk |
| 18:12 | Great Hall |
| 18:34 | Great Hall |
| 21:49 | War Mill |
| 22:42 | Stronghold |
| 23:28 | Watch Tower |
| 23:29 | Watch Tower |
| 23:29 | Watch Tower |
| 23:30 | Watch Tower |
| 23:31 | Watch Tower |
| 23:34 | Watch Tower |
| 24:42 | Lesser Clarity Potion |
| 25:28 | Great Hall |
| 27:06 | Critical Strike |
| 30:08 | Altar of Storms |
| 31:55 | Voodoo Lounge |
| 35:41 | Bladestorm |
| 37:16 | Great Hall |
| 37:31 | Great Hall |
| 37:49 | Watch Tower |
| 37:51 | Watch Tower |
| 40:11 | Mirror Image |
| 45:08 | Tiny Great Hall |
| 46:01 | Watch Tower |
| 47:48 | Mirror Image |
| 48:45 | Lesser Clarity Potion |
| 57:40 | Mirror Image |
| 63:35 | Altar of Storms |
| 65:21 | Orc Burrow |
| 68:17 | Orc Burrow |
| 70:44 | Altar of Storms |
| 73:00 | Thunder Clap |
| 73:31 | Orc Burrow |
| Right click | 3801 |
| Misc. action | 559 |
| Select group | 349 |
| Select | 339 |
| Build/train/purchase | 203 |
| Chat | 145 |
| Resource trade | 118 |
| Use ability | 40 |
| Minimap ping | 12 |
| Assign group | 10 |
| Item give/drop | 5 |
| Esc | 3 |
⇛